Map: Blueshift EE

Players

DarthJulius - Winner!

  • Race: Protoss Protoss
  • League: Platinum
  • Spawn Location: 7:00

Inti

  • Race: Zerg Zerg
  • League: Diamond
  • Spawn Location: 1:00

VOD

Have the link to the VOD?

Description

Time

  • Played on: Aug. 25, 2018, 12:25 a.m.
  • Length: 10:46
Show
View Real Time Build Order
Export as new Build Order

DarthJulius Protoss - Winner!

Build Orders: 1 Gate Expand, Phoenix Opening 

Get SALT Encoding   

  12  0:01  Probe  
  13  0:13  Probe  
  14  0:25  Pylon, Probe  
  15  0:43  Probe  
  15  0:44  Gateway  
  16  0:50  Assimilator  
  16  0:55  Probe  
  17  1:07  Probe  
  18  1:24  Probe  
  18  1:25  Nexus  
  19  1:36  Cybernetics Core  
  19  1:40  Probe  
  20  1:52  Probe  
  21  1:59  Gateway  
  21  2:04  Assimilator, Probe  
  22  2:16  Warp Gate  
  22  2:19  Shield Battery  
  22  2:22  Probe  
  23  2:37  Pylon, Adept, Probe x2  
  27  2:49  Probe  
  27  2:51  Adept  
  29  2:52  Probe  
  31  3:01  Probe  
  31  3:02  Stargate  
  32  3:09  Probe x2  
  34  3:21  Probe x2  
  34  3:26  Assimilator  
  36  3:33  Probe  
  37  3:34  Probe  
  37  3:36  Adept x2  
  37  3:40  Assimilator  
  42  3:45  Probe  
  42  3:46  Pylon, Probe  
  42  3:48  Phoenix  
  46  3:59  Pylon  
  46  4:04  Probe x2  
  48  4:15  Twilight Council  
  48  4:16  Probe x2  
  50  4:28  Probe x2  
  52  4:36  Probe  
  52  4:38  Gateway  
  52  4:40  Gateway, Probe  
  52  4:42  Gateway  
  52  4:44  Probe  
  55  4:52  Probe  
  55  4:55  Probe  
  57  5:09  Nexus  
  57  5:13  Probe  
  57  5:14  Pylon  
  58  5:18  Templar Archives  
  58  5:21  Phoenix  
  60  5:23  Robotics Facility, Probe  
  61  5:31  Pylon  
  61  5:39  Pylon  
  61  5:40  Zealot  
  63  5:45  Psionic Storm  
  63  5:52  Probe  
  63  5:53  Probe  
  65  5:57  Forge  
  65  6:00  Pylon  
  65  6:02  Zealot x2  
  69  6:05  Probe x2  
  71  6:14  Shield Battery  
  71  6:16  Protoss Ground Weapons Level 1  
  71  6:17  Probe x2  
  73  6:22  Probe  
  74  6:29  Probe x2  
  74  6:30  Probe  
  76  6:33  Pylon  
  76  6:35  Immortal, Forge  
  77  6:41  Probe  
  77  6:43  Assimilator, Photon Cannon, Probe  
  83  6:58  Assimilator, Pylon  
  83  6:59  Zealot x5  
  93  7:07  Probe  
  93  7:10  Gateway, Probe  
  93  7:11  Probe  
  93  7:12  Gateway  
  96  7:22  Immortal  
  96  7:23  Gateway  
  96  7:25  Gateway  
  96  7:26  Protoss Ground Armor Level 1  
  96  7:27  Gateway, Zealot x3  
  96  7:29  Gateway  
  106  7:44  Pylon  
  106  7:46  High Templar x2  
  110  7:54  Probe x3  
  113  8:06  Fleet Beacon  
  113  8:08  Observer  
  113  8:10  Zealot x3  
  113  8:11  Zealot x2  
  124  8:19  Zealot  
  126  8:29  Warp Prism  
  126  8:30  Protoss Ground Weapons Level 2  
  128  8:36  Nexus  
  128  8:38  Assimilator  
  128  8:42  Assimilator, High Templar x2  
  128  8:44  Pylon  
  128  8:46  Pylon  
  132  8:50  Pylon  
  132  8:52  Pylon  
  132  8:54  Pylon  
  132  8:58  Robotics Facility  
  132  9:03  Zealot x4  
  132  9:04  Zealot x4  
  148  9:16  Pylon  
  148  9:17  Pylon  
  148  9:18  Probe  
  148  9:19  Pylon, Probe x2  
  148  9:20  High Templar x2, Stargate  
  155  9:25  Archon  
  155  9:36  Probe x3  
  155  9:37  High Templar x5  
  155  9:38  High Templar x4  
  176  9:42  Archon x4  
  176  10:00  Photon Cannon  
  176  10:02  Photon Cannon  
  176  10:04  Photon Cannon  
  176  10:12  High Templar x4  
  156  10:26  Zealot x7  
  156  10:31  Archon x3  
  156  10:32  Archon  
Show
View Real Time Build Order
Export as new Build Order

Inti Zerg 

Build Orders: Hatch First 

Get SALT Encoding   

  12  0:09  Drone  
  12  0:10  Drone  
  14  0:28  Overlord  
  14  0:48  Drone x2  
  14  0:49  Drone  
  17  1:01  Drone  
  18  1:06  Extractor  
  18  1:07  Hatchery  
  18  1:10  Drone  
  17  1:24  Drone  
  18  1:25  Spawning Pool  
  17  1:33  Drone  
  18  1:43  Drone  
  19  2:05  Drone x2  
  21  2:25  Drone x2  
  21  2:26  Queen x2, Drone  
  21  2:27  Metabolic Boost  
  28  2:41  Overlord  
  28  2:59  Hatchery  
  28  3:02  Queen x2  
  28  3:04  Drone x2  
  33  3:20  Overlord  
  33  3:25  Drone x3  
  36  3:53  Drone x5  
  41  3:57  Drone x2, Extractor  
  41  3:58  Overlord, Extractor  
  41  4:01  Lair  
  41  4:02  Queen  
  43  4:13  Queen  
  43  4:16  Drone x3  
  48  4:17  Drone x3  
  51  4:27  Drone  
  51  4:29  Drone  
  53  4:32  Drone x5  
  57  4:59  Drone  
  58  5:01  Overlord x4  
  58  5:14  Overlord  
  58  5:15  Overlord x2  
  58  5:18  Queen x2  
  58  5:19  Spire  
  61  5:23  Hydralisk Den, Drone  
  61  5:25  Drone  
  61  5:27  Drone  
  61  5:28  Drone x2, Extractor  
  62  5:29  Drone, Overlord  
  65  5:40  Spore Crawler  
  65  5:42  Drone x2  
  66  5:43  Drone  
  67  5:51  Infestation Pit, Drone  
  67  5:56  Muscular Augments  
  67  5:58  Queen  
  67  6:00  Drone x5  
  74  6:50  Hydralisk x13  
  100  7:01  Extractor  
  100  7:07  Grooved Spines  
  99  7:17  Hatchery  
  98  7:27  Hydralisk x8  
  114  7:30  Overlord x3  
  114  7:31  Overlord x2  
  114  7:59  Drone x3  
  114  8:00  Drone  
  114  8:01  Drone x4  
  114  8:02  Drone  
  123  8:07  Extractor  
  123  8:08  Hive  
  123  8:11  Hatchery  
  121  8:13  Evolution Chamber  
  121  8:14  Drone x4  
  121  8:15  Drone  
  121  8:17  Evolution Chamber  
  124  8:22  Zerg Flyer Weapons Level 1  
  124  8:36  Spore Crawler  
  123  8:42  Drone x5  
  123  8:43  Hydralisk  
  123  8:44  Hydralisk x10  
  150  8:53  Extractor  
  149  8:57  Extractor  
  148  9:50  Zergling x32  
  148  9:51  Zergling x4  
  166  9:54  Baneling Nest  
Tags
 
Add a new tag
Caveats
  • Supply blocks, unpowered buildings, or Contaminate may cause inaccurate times.
  • Supply counts are checked every 10 seconds.